 Dungeon Crawl Stone Soup version 0.20.1-1-g8b1a95d (webtiles) character file.

34 Jukra the Magician (level 3, 0/21 HPs)
             Began as an Octopode Wizard on Aug 9, 2017.
             Slain by a giant cockroach (1 damage)
             ... on level 2 of the Dungeon on Aug 14, 2017.
             The game lasted 00:09:56 (625 turns).

Jukra the Magician (Octopode Wizard)                 Turns: 625, Time: 00:09:56

Health: 0/21       AC:  1    Str:  6    XL:     3   Next: 31%
Magic:  3/7        EV: 13    Int: 21    God:
Gold:   53         SH:  0    Dex: 10    Spells: 7/8 levels left

rFire    . . .     SeeInvis .     - Unarmed
rCold    . . .     Gourm    .   (no shield)
rNeg     . . .     Faith    .   a - +0 hat
rPois    .         Spirit   .   (no amulet)
rElec    .         Reflect  .   (no ring)
rCorr    .         Harm     .   (no ring)
MR       .....                  (no ring)
Stlth    +++.......             (no ring)
Regen    0.1/turn               (no ring)
MPRegen  0.1/turn               (no ring)
                                (no ring)
                                (no ring)

@: very slightly contaminated
A: almost no armour, stealthy swim, amphibious, 8 rings, constrict 8, camouflage
1, gelatinous body 1
a: no special abilities


You were on level 2 of the Dungeon.
You were not hungry.

You visited 1 branch of the dungeon, and saw 2 of its levels.

You collected 53 gold pieces.

Inventory:

Armour
 a - a +0 hat (worn)
Scrolls
 d - a scroll of noise {unknown}
 h - a scroll of remove curse {unknown}
 i - a scroll of magic mapping {unknown}
Potions
 e - a potion of haste {unknown}
 f - 2 potions of brilliance {unknown}
Books
 b - a book of Minor Magic

   Spells                             Type                      Level
   a - Magic Dart                     Conjuration                  1
   b - Blink                          Translocation                2
   c - Call Imp                       Summoning                    2
   d - Slow                           Hexes                        2
   e - Conjure Flame                  Conjuration/Fire             3
   f - Mephitic Cloud                 Conjuration/Poison/Air       3
Comestibles
 c - a bread ration
 g - a royal jelly


   Skills:
 + Level 0.2 Fighting
 + Level 2.3 Dodging
 + Level 3.0 Stealth
 + Level 1.1 Unarmed Combat
 + Level 3.4 Spellcasting
 + Level 1.2 Conjurations
   Level 1.0 Summonings
   Level 1.0 Translocations


You had 7 spell levels left.
You knew the following spells:

 Your Spells              Type           Power        Failure   Level  Hunger
a - Magic Dart            Conj           #...         8%          1    None


Dungeon Overview and Level Annotations

Branches:
Dungeon (2/15)

Altars:

Annotations:
D:2 Robin


Innate Abilities, Weirdness & Mutations

You cannot wear most types of armour.
You are very stealthy in the water. (Stealth+)
You are amphibious.
You can wear up to eight rings at the same time.
You can use your tentacles to constrict eight enemies at once.
Your skin changes colour to match your surroundings (Stealth+).
Your rubbery body absorbs attacks. (AC +1, EV +1)


Message History

The bat hits you but does no damage. The goblin hits you with a dagger.
* * * LOW HITPOINT WARNING * * *
The bat hits you but does no damage.
The goblin shoots a stone.
The stone misses you.
A goblin comes into view.
The goblin unwields an uncursed hunting sling.
The goblin wields an uncursed dagger.
The goblin hits you but does no damage. The bat misses you.
The giant cockroach barely misses you. The bat closely misses you.
The bat hits you but does no damage. The goblin barely misses you.
The bat barely misses you. The goblin misses you.
There is a stone staircase leading up here.
You see here a stone.
You can't go down here!
The giant cockroach bites you.
* * * LOW HITPOINT WARNING * * *
The goblin hits you with an uncursed dagger.
* * * LOW HITPOINT WARNING * * *
The giant cockroach bites you.
You die...

....##.## ..
.......... ...
....)..#.## #...
..........##..
.........).... .
........!..!##...
........)........
.........@.##
........ggs.#
....#....b(.###
#...........##
#.......(....#
#.#..g###...K.. #
###.....#....
##..####.#. ..#
.g.


You could see a giant cockroach, 3 goblins, a bat and a kobold (wandering).

Vanquished Creatures
  An adder (D:1)
  2 dart slugs (D:1)
  3 bats
  4 goblins (D:1)
  A hobgoblin (D:1)
  A jackal (D:2)
  3 frilled lizards (D:1)
  5 kobolds
  2 rats (D:1)
22 creatures vanquished.

Notes
Turn   | Place    | Note
-------+----------+-------------------------------------------
     0 | D:1      | Jukra the Octopode Wizard began the quest for the Orb.
     0 | D:1      | Reached XP level 1. HP: 11/11 MP: 4/4
   134 | D:1      | Reached XP level 2. HP: 13/17 MP: 6/6
   288 | D:1      | Reached XP level 3. HP: 21/21 MP: 0/7
   354 | D:1      | Reached skill level 1 in Unarmed Combat
   620 | D:2      | Noticed Robin
   625 | D:2      | HP: 1/21 [goblin/uncursed dagger (2)]
   625 | D:2      | Slain by a giant cockroach

Skill      XL: |  1  2  3 |
---------------+----------+-----
Stealth        | 3 |  3.0
Unarmed Combat | 1 |  1.1
Fighting       | |  0.2
Dodging        | |  2.3
Spellcasting   | |  3.4
Conjurations   | |  1.2
Summonings     | |  1.0
Translocations | |  1.0

Action                   || total
-------------------------++-------
Melee: Unarmed           ||    42
       Constrict         ||    12
       Tentacles         ||     8
 Cast: Magic Dart        ||    19
 Stab: Sleeping          ||     5
Armor: Skin              ||    11
Dodge: Dodged            ||    48
